 Dungeon Crawl Stone Soup version 0.29.1-2-gbd0b4ee654 (webtiles) character file.

Game seed: 15462635179690050644

53 styxcanada the Sneak (level 3, 0/18 HPs)
             Began as a Spriggan Brigand on Nov 22, 2022.
             Slain by a goblin
             ... wielding a +0 club
             ... led by Robin
              (4 damage)
             ... on level 2 of the Dungeon.
             The game lasted 00:04:29 (1640 turns).

styxcanada the Sneak (Spriggan Brigand)             Turns: 1640, Time: 00:04:30

Health: 0/18       AC:  3    Str:  7    XL:     3   Next: 64%
Magic:  4/4        EV: 16    Int: 12    God:
Gold:   55         SH:  0    Dex: 18    Spells: 2/2 levels left

rFire   . . .      SeeInvis +   a - +2 dagger
rCold   . . .      Faith    .   (no shield)
rNeg    . . .      Spirit   .   b - +0 robe
rPois   .          Reflect  .   (helmet restricted)
rElec   .          Harm     .   c - +0 cloak
rCorr   .          Rampage  .   (gloves unavailable)
Will    .....                   (boots unavailable)
Stlth   ++++......              (no amulet)
HPRegen 0.06/turn               (no ring)
MPRegen 0.09/turn               (no ring)

@: very quick
A: very small, no large weapons, unfitting armour, see invisible, speed 3
a: no special abilities


You were on level 2 of the Dungeon.
You visited 1 branch of the dungeon, and saw 2 of its levels.

You collected 55 gold pieces.

Inventory:

Hand Weapons
 a - a +2 dagger (weapon)
Missiles
 d - 2 poisoned darts (quivered)
 e - 8 curare-tipped darts
 k - 14 stones
Armour
 b - a +0 robe (worn)
 c - a +0 cloak (worn)
Jewellery
 f - a ring of fire
Scrolls
 g - a scroll of vulnerability {unknown}
 h - 2 scrolls of teleportation {unknown}
 i - 2 scrolls of identify {unknown}
 j - a scroll of butterflies {unknown}
Potions
 l - a potion of magic {unknown}
 m - a potion of curing {unknown}


   Skills:
 + Level 1.7 Fighting
 + Level 2.5 Short Blades
 + Level 2.1 Throwing
 + Level 1.6 Dodging
 + Level 7.6 Stealth


You had 2 spell levels left.
You didn't know any spells.
Your spell library was empty.

Dungeon Overview and Level Annotations

Branches:
Dungeon (2/15)

Altars:

Annotations:
D:2 Robin


Innate Abilities, Weirdness & Mutations

You are very small and have problems with some larger weapons.
You are too small for most types of armour.
You have supernaturally acute eyesight. (SInv)
You cover ground extremely quickly. (Speed+++)


Message History

You kill the adder!
Throw: 2 darts (poison)
Press: ? - help, Q - select action, (/) - cycle Shift-Dir - straight line, f - goblin
Aim: a goblin, wielding a +0 club (55% to hit)
You throw a poisoned dart. The poisoned dart misses the goblin.
The poisoned dart hits the goblin.
The goblin is poisoned.
Throw: dart (poison)
Press: ? - help, Q - select action, (/) - cycle Shift-Dir - straight line, f/p - goblin
Aim: a goblin, wielding a +0 club (55% to hit)
You throw a poisoned dart. The poisoned dart hits the goblin.
The goblin is poisoned.
You kill the goblin!
The goblin closely misses you.
You see here an adder corpse.
You hit the goblin.
You kill the goblin!
d - a poisoned dart You see here a +0 club.
d - 2 poisoned darts (gained 1)
The goblin unwields a +0 club.
The goblin wields a +0 sling.
The goblin shoots a sling bullet.
The sling bullet hits you.
Things that are here:
a +0 dagger; a poisoned dart; a goblin corpse You see here a poisoned dart.
The goblin shoots a sling bullet.
The sling bullet hits you.
The goblin shouts!
You hear a shout!
You see here a poisoned dart.
The goblin shoots a sling bullet.
The sling bullet closely misses you.
You hear a shout!
You barely miss the goblin.
The goblin unwields a +0 sling.
The goblin wields a +0 club.
The goblin misses you.
You barely miss the goblin. The goblin hits you but does no damage.
You closely miss the goblin. The goblin closely misses you.
You hit the goblin.
You kill the goblin!
You closely miss the goblin. The goblin hits you with a +0 club.
* * * LOW HITPOINT WARNING * * *
You closely miss the goblin. The goblin hits you with a +0 club.
You die...

#.#.........#
#.#.........#
#.#.........#
#.#.........#
#.#.........#
#...........#########
#....................
#...##......#############
#...####..(gg@.(()..)†..#
#...# #.##############.#
#..<# #(# #.# #...# #S#
#.# #...#


ggg #.# #...# ...g. ########.# #...##.....g #........# ######....g.. #.########
#........ #.# You could see 2 goblins.

Vanquished Creatures
  2 adders (D:2)
  A dart slug (D:1)
  2 ball pythons (D:1)
  2 endoplasms (D:1)
  A giant cockroach (D:1)
  7 goblins
  2 hobgoblins (D:1)
  2 jackals (D:1)
  2 quokkas
  3 bats
  4 frilled lizards
  6 rats
34 creatures vanquished.

Vanquished Creatures (others)
  2 plants (D:1)
2 creatures vanquished.

Grand Total: 36 creatures vanquished

Notes
Turn   | Place    | Note
-------+----------+-------------------------------------------
     0 | D:1      | styxcanada the Spriggan Brigand began the quest for the
                  | Orb.
     0 | D:1      | Reached XP level 1. HP: 10/10 MP: 2/2
    46 | D:1      | Reached skill level 6 in Stealth
   291 | D:1      | Reached XP level 2. HP: 15/15 MP: 3/3
   760 | D:1      | Reached skill level 7 in Stealth
  1346 | D:2      | Reached XP level 3. HP: 18/18 MP: 4/4
  1596 | D:2      | Noticed Robin
  1640 | D:2      | Slain by a goblin

Illustrated notes

Levels and vault maps discovered:
D:1:      dpeg_arrival_round_c, layout_rooms, chequers_big_river
D:2:      minmay_door_path, layout_basic, serial_forest,
          infiniplex_forest_end_3, infiniplex_forest_clump_large,
          infiniplex_forest_end_double, infiniplex_forest_lined_2,
          infiniplex_forest_zigzag_1, infiniplex_forest_lined_3,
          dreamdust_ecumenical_altar_statues, uniq_robin

Skill      XL: |  1  2 |
---------------+-------+-----
Stealth        | 6 7 |  7.6
Fighting       | |  1.7
Short Blades   | |  2.5
Throwing       | |  2.1
Dodging        | |  1.6

Action                   || total
-------------------------++-------
Melee: Dagger            ||    80
Throw: Dart              ||    13
 Stab: Sleeping          ||    11
Armor: Robe              ||    10
Dodge: Dodged            ||    43
